Map: Proxima Station LE

Players

PtitDrogo - Winner!

  • Race: Protoss Protoss
  • Spawn Location: 1:00

TRUE

  • Race: Zerg Zerg
  • Spawn Location: 7:00

Event: WCS Valencia 2017

VOD

Have the link to the VOD?

Description

Time

  • Played on: July 14, 2017, 6:55 a.m.
  • Length: 13:02

All games in this series

Show
View Real Time Build Order
Export as new Build Order

PtitDrogo Protoss - Winner!

Build Orders: 1 Gate Expand, Zealot Archon, Dark Templar Rush 

Get SALT Encoding   

  12  0:00  Probe (Chrono Boost)  
  13  0:11  Probe (Chrono Boost)  
  14  0:17  Pylon  
  14  0:22  Probe (Chrono Boost)  
  15  0:35  Probe (Chrono Boost)  
  16  0:37  Gateway  
  16  0:46  Probe (Chrono Boost)  
  16  0:47  Assimilator  
  17  0:56  Probe (Chrono Boost)  
  18  1:07  Probe (Chrono Boost)  
  19  1:20  Nexus  
  19  1:24  Probe (Chrono Boost)  
  20  1:34  Cybernetics Core  
  20  1:38  Probe (Chrono Boost)  
  21  1:45  Assimilator  
  21  1:49  Probe (Chrono Boost)  
  21  1:52  Pylon  
  22  1:59  Probe (Chrono Boost)  
  23  2:10  Probe (Chrono Boost)  
  23  2:11  Warp Gate, Adept (Chrono Boost)  
  26  2:22  Probe  
  27  2:24  Twilight Council  
  27  2:31  Probe  
  27  2:34  Probe  
  27  2:35  Stalker (Chrono Boost)  
  31  2:41  Probe  
  32  2:46  Probe  
  33  2:52  Probe (Chrono Boost)  
  33  2:55  Robotics Facility  
  33  2:58  Probe (Chrono Boost)  
  35  3:11  Probe (Chrono Boost)  
  37  3:20  Probe (Chrono Boost)  
  37  3:24  Dark Shrine  
  37  3:25  Probe (Chrono Boost)  
  38  3:30  Probe (Chrono Boost)  
  39  3:36  Probe (Chrono Boost)  
  39  3:38  Gateway  
  39  3:39  Gateway  
  39  3:41  Gateway  
  40  3:43  Warp Prism (Chrono Boost)  
  42  3:49  Probe  
  42  3:50  Probe, Pylon  
  42  3:54  Assimilator  
  44  3:57  Assimilator  
  44  4:00  Probe  
  44  4:01  Probe  
  46  4:08  Pylon  
  46  4:11  Probe  
  46  4:13  Probe (Chrono Boost)  
  48  4:22  Probe (Chrono Boost)  
  49  4:26  Probe (Chrono Boost)  
  50  4:34  Probe (Chrono Boost)  
  50  4:37  Dark Templar x4  
  59  4:44  Pylon  
  59  4:57  Charge (Chrono Boost), Immortal (Chrono Boost)  
  59  5:02  Nexus  
  59  5:04  Archon  
  59  5:06  Archon  
  63  5:07  Probe  
  63  5:10  Mothership Core  
  66  5:19  Gateway x2  
  66  5:35  Probe  
  67  5:42  Probe  
  68  5:44  Sentry  
  68  5:45  Gateway  
  68  5:46  Gateway  
  70  5:51  Pylon  
  70  5:52  Pylon  
  70  5:56  Templar Archives  
  70  6:02  Pylon  
  70  6:04  Immortal  
  70  6:09  Probe x2  
  76  6:11  Dark Templar x2  
  76  6:14  Zealot x2  
  76  6:17  Probe, Archon  
  84  6:21  Probe x2  
  87  6:28  Probe  
  87  6:30  Forge  
  88  6:33  Probe x2  
  88  6:38  Probe  
  90  6:40  Observer  
  90  6:45  Pylon, Probe x2  
  94  6:47  Assimilator  
  94  6:49  Probe  
  94  6:50  Pylon  
  94  6:51  Zealot x3, Assimilator  
  94  6:52  Zealot  
  103  6:56  Dark Templar  
  103  6:59  Probe x2  
  107  7:01  Probe  
  107  7:03  Protoss Ground Weapons Level 1 (Chrono Boost)  
  107  7:08  Sentry x2  
  110  7:11  Probe  
  110  7:12  Immortal  
  113  7:16  Probe  
  113  7:17  Probe  
  113  7:19  Pylon  
  119  7:23  Probe  
  119  7:24  Pylon  
  119  7:29  Probe  
  120  7:30  Probe  
  120  7:35  Probe  
  120  7:36  Photon Cannon  
  123  7:39  Probe  
  123  7:42  Photon Cannon x2  
  124  7:46  Immortal  
  124  7:49  High Templar  
  124  7:50  High Templar x3  
  136  7:53  Archon  
  136  7:54  Archon  
  136  7:59  Pylon  
  136  8:04  High Templar  
  138  8:07  Zealot, High Templar  
  138  8:10  Archon  
  141  8:18  Dark Templar  
  141  8:20  Warp Prism  
  141  8:24  Zealot x4  
  141  8:34  Zealot  
  143  8:36  Gateway  
  143  8:38  Gateway  
  143  8:41  Pylon  
  141  8:43  Pylon  
  141  8:47  Zealot x4  
  149  8:51  Pylon  
  149  8:52  Pylon  
  147  8:58  Zealot  
  147  8:59  Zealot  
  147  9:19  Photon Cannon, High Templar x3  
  147  9:20  High Templar  
  147  9:21  Zealot x3  
  147  9:22  Photon Cannon  
  157  9:24  Archon x2  
  157  9:28  Photon Cannon  
  157  9:30  Photon Cannon  
  152  9:31  Photon Cannon  
  152  9:33  Photon Cannon  
  142  9:40  Dark Templar  
  142  9:41  Dark Templar x3  
  142  9:42  Photon Cannon  
  150  9:45  Photon Cannon  
  150  9:46  Archon x2  
  150  9:55  Zealot  
  147  10:03  Zealot x3  
  142  10:13  Zealot x4  
  134  10:15  Mothership Core (Chrono Boost)  
  130  10:23  Dark Templar x2  
  130  10:27  Archon  
  130  10:30  Photon Cannon  
  130  10:32  Photon Cannon  
  76  11:16  Nexus  
  76  11:21  Pylon  
  76  12:14  Pylon  
Show
View Real Time Build Order
Export as new Build Order

TRUE Zerg 

Build Orders: Hatch First 

Get SALT Encoding   

  12  0:00  Drone  
  13  0:12  Overlord  
  13  0:16  Drone  
  14  0:31  Drone x2  
  16  0:35  Drone  
  17  0:52  Hatchery  
  17  0:56  Drone  
  17  1:09  Spawning Pool  
  16  1:11  Extractor  
  16  1:13  Drone  
  16  1:16  Drone  
  17  1:21  Drone  
  18  1:28  Drone  
  19  1:39  Overlord  
  19  1:56  Queen  
  19  2:01  Drone x2  
  23  2:04  Queen  
  23  2:05  Drone  
  26  2:11  Drone  
  26  2:13  Metabolic Boost  
  27  2:20  Drone  
  27  2:21  Drone  
  29  2:32  Zergling x2  
  30  2:41  Hatchery  
  30  2:42  Drone  
  30  2:45  Drone  
  30  2:49  Drone  
  30  2:50  Drone  
  33  2:57  Queen  
  35  3:02  Overlord  
  35  3:03  Drone  
  36  3:12  Overlord  
  35  3:20  Drone  
  35  3:22  Overlord  
  35  3:26  Lair  
  36  3:31  Drone x3  
  36  3:32  Drone x2  
  36  3:33  Drone  
  42  3:37  Drone x2  
  42  3:41  Drone  
  45  3:44  Drone x2  
  45  3:46  Drone  
  45  3:48  Drone  
  49  3:53  Overlord  
  49  3:54  Extractor, Drone  
  50  3:55  Drone  
  50  3:57  Drone  
  50  4:02  Extractor  
  50  4:10  Queen x2  
  50  4:11  Drone  
  50  4:12  Drone  
  56  4:19  Overlord  
  56  4:20  Zergling x8  
  60  4:25  Overseer, Hydralisk Den  
  60  4:28  Overlord  
  60  4:29  Zergling x2  
  60  4:30  Zergling x2  
  61  4:32  Zergling x2  
  61  4:35  Zergling x4  
  64  4:40  Drone x3  
  64  4:42  Zergling x2  
  68  4:45  Zergling x2  
  68  4:46  Zergling x2  
  68  4:50  Zergling x6  
  68  4:53  Zergling x2  
  68  4:54  Zergling x2  
  68  5:01  Muscular Augments  
  68  5:05  Hydralisk x2  
  72  5:08  Overlord  
  72  5:10  Overlord  
  71  5:22  Hydralisk x2  
  71  5:25  Hydralisk  
  71  5:28  Hydralisk x2  
  71  5:31  Hydralisk  
  76  5:40  Hydralisk  
  74  5:43  Drone x4  
  74  5:45  Drone x4  
  82  5:50  Overlord  
  82  5:54  Overlord  
  82  5:56  Overlord  
  82  5:59  Overlord  
  82  6:00  Extractor  
  82  6:01  Overlord  
  81  6:06  Overlord  
  81  6:12  Drone  
  81  6:13  Drone x3  
  81  6:15  Drone x3  
  81  6:16  Drone x3  
  91  6:19  Extractor  
  90  6:29  Spire  
  90  6:32  Extractor  
  88  6:37  Overseer  
  88  6:39  Zergling x14  
  95  6:43  Hatchery  
  94  6:51  Drone x3  
  94  6:52  Drone, Overlord  
  98  6:55  Zergling x14  
  105  7:07  Overlord  
  104  7:40  Mutalisk x4  
  104  7:41  Mutalisk x8  
  104  7:42  Extractor  
  104  7:43  Extractor  
  104  7:44  Drone x7, Overlord  
  130  7:46  Mutalisk  
  135  7:52  Mutalisk  
  135  7:55  Overlord  
  135  7:57  Mutalisk  
  139  8:05  Zerg Flyer Weapons Level 1  
  138  8:14  Drone x5  
  139  8:24  Queen  
  121  8:27  Overseer  
  121  8:29  Drone x3  
  121  8:33  Mutalisk  
  125  8:34  Mutalisk  
  125  8:35  Mutalisk x2  
  128  8:42  Drone x3  
  128  8:43  Drone  
  128  8:45  Mutalisk x2  
  133  8:53  Mutalisk  
  135  8:59  Mutalisk  
  135  9:01  Zergling x22  
  135  9:02  Zergling x2  
  149  9:06  Mutalisk  
  149  9:15  Mutalisk  
  151  9:18  Mutalisk  
  153  9:25  Mutalisk  
  153  9:29  Zergling x2  
  153  9:30  Zergling x8  
  160  9:33  Overlord  
  160  9:34  Overlord  
  148  9:44  Overlord  
  121  10:03  Zergling x2  
  120  10:08  Zergling x2  
  49  10:59  Overlord x3  
Tags
 
Add a new tag
Caveats
  • Supply blocks, unpowered buildings, or Contaminate may cause inaccurate times.
  • Supply counts are checked every 10 seconds.